Map: Newkirk Precinct TE (Void)

Players

TLO - Winner!

  • Race: Zerg Zerg
  • Spawn Location: 7:00

Bistork

  • Race: Protoss Protoss
  • Spawn Location: 5:00

Event: WCS Austin 2017

VOD

Have the link to the VOD?

Description

Time

  • Played on: April 28, 2017, 9:13 p.m.
  • Length: 11:12

All games in this series

Show
View Real Time Build Order
Export as new Build Order

TLO Zerg - Winner!

Build Orders: Hatch First, Swarm Host 

Get SALT Encoding   

  12  0:00  Drone  
  13  0:12  Overlord  
  13  0:17  Drone  
  14  0:31  Drone x2  
  16  0:49  Hatchery  
  15  0:52  Drone  
  15  0:55  Drone  
  17  1:10  Spawning Pool  
  16  1:12  Drone  
  16  1:16  Drone  
  18  1:20  Drone  
  18  1:22  Extractor  
  18  1:28  Drone  
  19  1:38  Overlord  
  19  1:56  Queen  
  19  1:57  Zergling x2  
  19  2:00  Zergling x2  
  23  2:01  Queen  
  23  2:02  Drone  
  26  2:13  Drone x2  
  28  2:26  Drone  
  29  2:30  Hatchery  
  29  2:32  Drone  
  29  2:36  Drone  
  30  2:43  Queen  
  32  2:48  Metabolic Boost  
  32  2:53  Overlord  
  32  2:58  Zergling x2  
  33  2:59  Zergling x2  
  33  3:02  Drone  
  35  3:07  Drone  
  36  3:13  Drone x4  
  36  3:15  Drone  
  36  3:18  Drone  
  42  3:27  Overlord  
  42  3:28  Overlord  
  42  3:35  Lair  
  42  3:37  Drone  
  42  3:43  Roach Warren  
  42  3:45  Drone  
  42  3:47  Drone  
  43  3:48  Drone  
  43  3:51  Drone  
  43  3:53  Drone  
  43  3:54  Drone  
  48  3:55  Drone  
  48  3:58  Drone  
  48  4:00  Drone x2  
  51  4:04  Drone  
  51  4:05  Drone  
  51  4:06  Drone  
  54  4:10  Drone  
  54  4:11  Drone, Extractor  
  54  4:14  Drone  
  56  4:20  Drone x3, Extractor  
  56  4:22  Drone  
  59  4:29  Roach x3  
  59  4:30  Overlord  
  65  4:32  Overseer  
  65  4:36  Roach, Spore Crawler  
  66  4:40  Overlord  
  66  4:42  Overlord  
  66  4:48  Overlord, Roach  
  66  4:50  Roach  
  66  4:52  Drone  
  71  4:54  Roach  
  71  4:58  Glial Reconstitution  
  73  5:00  Drone x2  
  73  5:02  Drone, Roach  
  73  5:04  Roach  
  80  5:08  Roach x2  
  80  5:12  Roach x2  
  88  5:14  Roach  
  88  5:18  Roach  
  92  5:25  Roach  
  92  5:26  Roach  
  97  5:28  Roach  
  97  5:29  Drone  
  97  5:33  Overlord x2  
  98  5:35  Overlord, Extractor  
  98  5:37  Overlord  
  98  5:40  Drone  
  98  5:45  Overlord  
  98  5:49  Overseer  
  98  5:53  Overseer  
  98  5:55  Drone x9  
  98  5:56  Drone  
  108  5:59  Infestation Pit, Roach  
  108  6:06  Extractor  
  106  6:13  Roach  
  106  6:14  Roach x2  
  112  6:19  Extractor  
  112  6:20  Roach  
  112  6:23  Roach  
  115  6:30  Overlord  
  109  6:32  Overlord  
  109  6:35  Infestor  
  109  6:37  Hatchery  
  109  6:38  Swarm Host x2  
  116  6:40  Swarm Host  
  116  6:45  Drone x4  
  123  6:47  Swarm Host  
  126  6:55  Swarm Host x2  
  126  7:00  Zergling x10  
  135  7:02  Queen  
  135  7:03  Overlord  
  135  7:04  Overlord  
  135  7:05  Ravager x2  
  139  7:09  Swarm Host  
  139  7:15  Swarm Host  
  145  7:17  Overlord  
  145  7:20  Overlord  
  145  7:21  Overlord  
  145  7:23  Swarm Host  
  145  7:24  Swarm Host  
  145  7:25  Overlord  
  145  7:28  Overlord x2  
  145  7:29  Ravager  
  152  7:31  Zergling x4  
  152  7:36  Spore Crawler  
  152  7:37  Swarm Host x2  
  153  7:42  Zergling x14  
  166  7:47  Drone  
  166  7:48  Evolution Chamber, Spine Crawler  
  165  7:55  Roach  
  165  7:56  Roach x3  
  171  7:59  Roach  
  171  8:02  Roach  
  177  8:05  Roach  
  177  8:06  Roach  
  177  8:10  Roach x3  
  177  8:11  Roach  
  179  8:15  Roach x2  
  179  8:16  Roach  
  179  8:18  Roach  
  175  8:21  Roach x2  
  175  8:24  Overlord  
  175  8:25  Ravager x3  
  175  8:26  Ravager  
  177  8:29  Roach  
  177  8:31  Roach  
  177  8:33  Ravager  
  174  8:36  Overlord  
  174  8:37  Overlord  
  174  8:39  Zerg Missile Weapons Level 1  
  174  8:43  Evolution Chamber  
  170  8:54  Roach x2  
  170  8:55  Roach  
  173  8:56  Roach x2, Zergling x2  
  173  8:57  Zergling x2  
  173  8:58  Roach  
  181  9:05  Zergling x2  
  181  9:06  Zergling x16  
  190  9:12  Overseer, Spore Crawler  
  187  9:24  Roach x6  
  186  9:26  Roach  
  186  9:30  Roach x2  
  182  9:33  Roach  
  182  9:34  Roach  
  182  9:36  Roach  
  159  9:38  Roach  
  159  9:40  Roach  
  159  9:41  Roach  
  159  9:43  Roach  
  163  9:45  Roach  
  163  9:48  Roach  
  163  9:49  Roach  
  163  9:50  Roach  
  163  9:55  Ravager x2  
  163  9:56  Ravager x4  
  163  9:58  Roach  
  171  10:01  Roach  
  171  10:02  Roach  
  171  10:04  Roach  
  171  10:05  Zergling x2  
  174  10:13  Zergling x2  
  167  10:14  Zergling x2  
  167  10:15  Zergling x4  
  167  10:16  Zergling x4  
  167  10:17  Zergling x4  
  167  10:18  Zergling x2  
  170  10:23  Roach  
  170  10:24  Roach x2  
  170  10:26  Roach  
  169  10:29  Zergling x2  
  169  10:34  Zergling x2  
  167  10:36  Zergling x2  
  167  10:38  Roach x4  
  167  10:40  Roach x2  
  169  10:43  Roach x2  
  169  10:44  Roach  
  165  10:50  Roach  
  165  10:51  Roach x2  
Show
View Real Time Build Order
Export as new Build Order

Bistork Protoss 

Build Orders: 1 Gate Expand, Zealot Archon, Dark Templar Rush 

Get SALT Encoding   

  12  0:01  Probe (Chrono Boost)  
  13  0:11  Probe (Chrono Boost)  
  14  0:17  Pylon  
  14  0:23  Probe (Chrono Boost)  
  15  0:36  Probe (Chrono Boost)  
  15  0:38  Gateway  
  16  0:46  Probe (Chrono Boost)  
  16  0:47  Assimilator  
  18  0:57  Probe (Chrono Boost)  
  18  1:07  Probe (Chrono Boost)  
  19  1:22  Nexus  
  19  1:25  Probe (Chrono Boost)  
  20  1:36  Cybernetics Core  
  21  1:40  Probe (Chrono Boost)  
  21  1:48  Assimilator  
  21  1:50  Probe (Chrono Boost)  
  22  1:55  Pylon  
  22  2:01  Probe (Chrono Boost)  
  23  2:10  Stalker  
  23  2:14  Warp Gate  
  23  2:15  Probe (Chrono Boost)  
  26  2:20  Pylon  
  26  2:28  Mothership Core (Chrono Boost)  
  28  2:45  Probe (Chrono Boost)  
  28  2:46  Probe (Chrono Boost)  
  28  2:50  Twilight Council  
  30  2:58  Probe (Chrono Boost)  
  31  3:00  Probe (Chrono Boost)  
  31  3:04  Robotics Facility  
  32  3:08  Probe (Chrono Boost)  
  32  3:12  Probe (Chrono Boost)  
  34  3:16  Pylon  
  34  3:19  Probe (Chrono Boost)  
  35  3:23  Probe (Chrono Boost)  
  36  3:29  Probe (Chrono Boost)  
  36  3:33  Probe (Chrono Boost), Dark Shrine  
  38  3:40  Probe (Chrono Boost)  
  39  3:44  Probe (Chrono Boost)  
  39  3:45  Gateway  
  39  3:48  Gateway  
  40  3:51  Probe (Chrono Boost)  
  41  3:56  Gateway  
  41  3:59  Probe (Chrono Boost)  
  41  4:00  Warp Prism  
  42  4:08  Probe (Chrono Boost)  
  45  4:12  Probe (Chrono Boost)  
  45  4:15  Pylon  
  46  4:18  Probe (Chrono Boost)  
  46  4:23  Assimilator  
  48  4:24  Assimilator, Probe (Chrono Boost)  
  48  4:29  Probe (Chrono Boost)  
  49  4:38  Probe (Chrono Boost), Pylon  
  50  4:43  Probe (Chrono Boost)  
  52  4:53  Probe (Chrono Boost)  
  52  4:56  Dark Templar x4  
  60  5:00  Probe (Chrono Boost)  
  60  5:01  Pylon  
  60  5:05  Warp Prism  
  60  5:06  Pylon  
  59  5:39  Nexus  
  59  5:41  Dark Templar x3  
  65  5:43  Dark Templar  
  65  5:48  Pylon  
  65  5:49  Immortal  
  67  5:50  Pylon  
  67  5:51  Archon x2  
  70  6:14  Archon  
  70  6:23  Immortal, Gateway  
  70  6:25  Gateway  
  74  6:33  Dark Templar x2  
  74  6:35  Gateway  
  78  6:41  Pylon  
  78  6:43  Pylon  
  78  6:45  Pylon, Gateway  
  78  6:47  Gateway  
  78  6:49  Gateway, Archon  
  78  6:53  Pylon  
  78  6:58  Immortal  
  80  7:09  Pylon  
  80  7:16  Charge  
  80  7:19  Nexus  
  80  7:20  Pylon  
  80  7:21  Pylon  
  80  7:25  Pylon  
  80  7:26  Pylon  
  80  7:31  Probe (Chrono Boost)  
  80  7:32  Sentry x3  
  87  7:37  Forge  
  87  7:40  Probe (Chrono Boost), Immortal  
  87  7:41  Probe (Chrono Boost)  
  94  7:52  Probe (Chrono Boost)  
  95  7:58  Probe (Chrono Boost)  
  95  8:00  Zealot x5, Sentry x2  
  107  8:22  Nexus  
  107  8:31  Immortal  
  107  8:35  Protoss Ground Weapons Level 1  
  111  8:43  Pylon  
  111  8:44  Pylon  
  99  8:59  Dark Templar x2  
  99  9:00  Dark Templar x2  
  99  9:02  Zealot x4  
  101  9:03  Archon  
  101  9:04  Archon  
  101  9:08  Warp Prism  
  107  9:11  Probe (Chrono Boost)  
  107  9:13  Probe (Chrono Boost)  
  111  9:30  Zealot x4  
  87  9:42  Zealot x3  
  87  9:44  Dark Templar  
  85  10:09  Zealot x5  
  91  10:19  Immortal  
  67  10:32  Zealot x8  
  59  10:53  Dark Templar x4  
Tags
 
Add a new tag
Caveats
  • Supply blocks, unpowered buildings, or Contaminate may cause inaccurate times.
  • Supply counts are checked every 10 seconds.